AoeStats
← normton

Arena

507939640Analyzed
3v3 RM · 10d ago on Sep 20, 2026· 57m 10s· 6 players
Game mode
Random Map
Map size
Normal (6 player)
Population
200
Speed
Normal
Resources
Standard
Victory
Conquest
Starting age
Dark Age
Ending age
Imperial Age
RankedLock teamsTeams togetherTeam positionsShared explorationLock speedFull tech treeHidden civsTurbo modeCheats
Victory
Defeat
🇪🇸 Celts · Spain
819
+15
🇧🇷 Huns · Brazil
812
+15
🇮🇳 Franks · India
714
+18
🇩🇪 Byzantines · Germany
866
-19
🇩🇪 Turks · Germany
853
-19
🇩🇪 Spanish · Germany
637
-10
normton
1:03 Loom
15:11 Feudal Age
15:42 Double-Bit Axe
15:42 Horse Collar
17:22 Wheelbarrow
27:00 Forging
26:57 Scale Barding Armor
34:49 Castle Age
33:38 Bloodlines
36:00 Light Cavalry
36:43 Husbandry
37:15 Bow Saw
37:10 Heavy Plow
37:30 Hand Cart
39:19 Chain Barding Armor
39:36 Iron Casting
48:51 Padded Archer Armor
50:21 Fletching
50:49 Leather Archer Armor
51:13 Thumb Ring
51:53 Elite Skirmisher
52:48 Murder Holes
53:05 Fortified Wall
53:07 Masonry
53:20 Ballistics
57:59 Imperial Age
Calli Caliente
14:46 Feudal Age
18:41 Castle Age
17:07 Double-Bit Axe
17:09 Horse Collar
20:47 Bow Saw
21:00 Heavy Plow
25:09 Imperial Age
23:13 Scale Mail Armor
23:11 Pikeman
26:54 Halberdier
40:03 Crop Rotation
44:07 Elite Skirmisher
44:54 Thumb Ring
48:31 Chemistry
47:40 Stone Mining
48:41 Fletching
49:22 Loom
SteaK
12:54 Feudal Age
17:37 Castle Age
16:06 Double-Bit Axe
16:12 Horse Collar
16:59 Gold Mining
17:12 Stone Mining
19:22 Bow Saw
24:43 Imperial Age
25:18 Wheelbarrow
24:30 Town Watch
24:32 Loom
30:13 Town Patrol
30:50 Hand Cart
30:40 Padded Archer Armor
32:15 Bombard Tower
32:16 Ballistics
31:52 Murder Holes
33:17 Treadmill Crane
34:32 Artillery
35:00 Guilds
35:41 Heavy Camel Rider
36:22 Husbandry
36:32 Bloodlines
37:47 Leather Archer Armor
37:23 Fletching
42:15 Scale Barding Armor
42:21 Forging
42:15 Scale Mail Armor
43:39 Chain Barding Armor
44:22 Iron Casting
45:20 Chain Mail Armor
46:29 Arrowslits
46:55 Fortified Wall
46:56 Masonry
47:49 Blast Furnace
46:46 Bodkin Arrow
47:51 Caravan
50:55 Plate Barding Armor
50:51 Ring Archer Armor
50:21 Bracer
50:52 Plate Mail Armor
Lord Carras
9:43 Loom
11:54 Feudal Age
13:22 Horse Collar
18:27 Castle Age
16:46 Stone Mining
21:23 Double-Bit Axe
35:07 Imperial Age
34:52 Wheelbarrow
34:30 Forging
34:21 Scale Mail Armor
34:12 Fletching
34:27 Heavy Plow
37:05 Gold Mining
36:48 Elite Woad Raider
38:25 Iron Casting
37:22 Pikeman
neville_longbottom
13:42 Feudal Age
14:28 Double-Bit Axe
23:46 Castle Age
24:06 Arson
24:37 Forging
29:10 Gold Mining
35:46 Imperial Age
33:54 Wheelbarrow
35:21 Hand Cart
34:53 Town Watch
36:56 #83
36:46 Pikeman
37:27 Squires
37:13 Gambesons
38:27 Gold Shaft Mining
39:08 Chemistry
38:29 Ballistics
39:13 Bow Saw
40:08 Fortified Wall
39:35 Cavalier
40:16 Husbandry
42:25 Chivalry
44:06 Paladin
46:01 Capped Ram
DISK PIZZA
9:48 Feudal Age
10:19 Double-Bit Axe
11:18 Wheelbarrow
10:54 Horse Collar
13:07 Gold Mining
13:09 Stone Mining
20:15 Castle Age
21:56 Hand Cart
22:28 Gold Shaft Mining
24:56 Bow Saw
33:45 Imperial Age
32:22 Husbandry
32:32 Bloodlines
32:25 Marauders
33:47 Scale Barding Armor
33:52 Forging
35:41 Chain Barding Armor
35:56 Iron Casting
37:35 Conscription
36:36 Elite Tarkan
38:22 Heavy Plow
39:25 Two-Man Saw
42:47 Plate Barding Armor
43:13 Blast Furnace
Connection lost

Rejoining the realm…

Still unreachable

The connection could not be restored.

Session expired

The server has moved on; the page needs a fresh start.